 Dungeon Crawl Stone Soup version 0.17.0-27-g4a3f43e (console) character file.

1999 jw the Covert (level 9, -7/54 HPs)
             Began as an Octopode Berserker on Nov 21, 2015.
             Was a Priest of Trog.
             Mangled by gw's ghost (8 damage)
             ... on level 7 of the Dungeon.
             The game lasted 00:22:46 (7422 turns).

jw the Covert (Octopode Berserker)                  Turns: 7422, Time: 00:22:46

Health: -7/54      AC:  4    Str: 21    XL:     9   Next: 21%
Magic:  0/9        EV: 13    Int: 10    God:    Trog [***...]
Gold:   217        SH: 10    Dex: 16    Spells: 0 memorised, 8 levels left

rFire  . . .     SeeInvis .     b - +0 rapier
rCold  . . .     Clarity  .     d - +0 shield
rNeg   . . .     SustAt   .     (helmet restricted)
rPois  .         Gourm    .     n - amulet of guardian spirit
rElec  .         Spirit   +     h - +3 ring of protection
rCorr  .         Warding  .     (no ring)
rMut   .         Stasis   .     (no ring)
MR     +....                    (no ring)
Stlth  +++++.....               (no ring)
                                (no ring)
                                (no ring)
                                (no ring)

@: mighty, somewhat resistant to hostile enchantments, quite stealthy
A: almost no armour, amphibious, 8 rings, constrict 8, camouflage 1, agile 1,
frail 1, magic resistance 1, gelatinous body 1
a: Berserk, Trog's Hand, Burn Spellbooks, Renounce Religion


You were on level 7 of the Dungeon.
You worshipped Trog.
Trog was most pleased with you.
You were hungry.

You visited 1 branch of the dungeon, and saw 7 of its levels.
You also visited: Sewer.

You collected 217 gold pieces.

Inventory:

Hand Weapons
 b - a +0 rapier (weapon)
Missiles
 g - 13 needles of sleeping
 j - 3 tomahawks (quivered)
 k - 96 stones
 q - 20 poisoned needles
Armour
 d - a +0 shield (worn)
Jewellery
 h - a +3 ring of protection (left tentacle)
 n - an amulet of guardian spirit (around mantle)
Wands
 c - a wand of frost (0)
 t - a wand of paralysis (12)
 y - a wand of flame (16)
 A - a wand of magic darts (5)
 B - a wand of polymorph (14)
 C - a wand of digging (15)
Scrolls
 l - 3 scrolls of remove curse
 r - a scroll of fear
 z - 2 scrolls of identify
 D - a scroll of blinking {unknown}
Potions
 e - 3 potions of flight
 s - a potion of magic
 u - a potion of heal wounds
 v - 2 potions of curing
Comestibles
 f - 2 beef jerkies
 i - 4 meat rations
 m - 2 fruits
 o - a slice of pizza
 x - 5 bread rations


   Skills:
 + Level 4.9 Fighting
 * Level 6.6 Short Blades
 + Level 3.8 Throwing
 + Level 5.3 Dodging
 * Level 8.3 Stealth
 + Level 3.8 Shields


You had 8 spell levels left.
You didn't know any spells.

Dungeon Overview and Level Annotations

Branches:
Dungeon (7/15)             Temple (0/1) D:5

Altars:
Nemelex Xobeh
Xom

Shops:
D:4 %

Annotations:
D:7 gw's ghost, novice DDFi


Innate Abilities, Weirdness & Mutations

You cannot wear most types of armour.
You are amphibious.
You can wear up to eight rings at the same time.
You can use your tentacles to constrict eight enemies at once.
Your skin changes colour to match your surroundings (Stealth).
Your rubbery body absorbs attacks (AC +1).
You are agile. (Dex +2)
You are frail (-10% HP).
You are resistant to hostile enchantments.


Message History

You block the orc priest's attack. Gw's ghost hits you!
MOVING TO (4,4)
You hit gw's ghost. You squeeze gw's ghost!
Gw's ghost is heavily damaged.
You block the orc warrior's attack.
The orc priest invokes the aid of Beogh against you.
Pain shoots through your body! Gw's ghost barely misses you.
MOVING TO (4,3)
Your shield prevents you from hitting gw's ghost.
Gw's ghost is heavily damaged.
The orc warrior barely misses you.
The orc priest hits you with a hand axe.
You block gw's ghost's attack. The orc closely misses you.
MOVING TO (4,2) MOVING TO (3,3)
You puncture gw's ghost! You squeeze gw's ghost!
Gw's ghost is almost destroyed.
You block the orc warrior's attack. You block the orc priest's attack.
Gw's ghost hits you!
You die...

#... ... ... .. #o
#o## #.o# #######
#x####.....#######
#W##......... ....
#.o..........#....
###..#.....##..#
##.# ###$....###
#.###...#...?..
##.(#......#....
#...............
###.##.####....<


You could see an orc warrior, 2 orc priests, gw's ghost and an orc.

Table legend:
 A = Turns spent in this place as a percentage of turns spent in the entire game.
 B = Non-inter-level travel turns spent in this place as a percentage of non-inter-level travel turns spent in the entire game.
 C = Inter-level travel turns spent in this place as a percentage of turns spent in this place.
 D = Turns resting spent in this place as a percentage of non-inter-level travel turns spent in this place.
 E = Turns spent auto-exploring this place as a percentage of non-inter-level travel turns spent in this place.
 F = Non-inter-level travel turns spent in this place divided by the number of levels of this place that you've seen.
                   A       B       C       D       E      F
               +-------+-------+-------+-------+-------+----------------------
         Total | 100.0 | 100.0 |   0.5 |   1.3 |   2.6 | 1347.1
       Dungeon |  88.5 |  88.5 |   0.6 |   1.3 |   2.5 | 1362.0
         Sewer |  11.5 |  11.5 |   0.0 |   1.3 |   3.4 | 1243.0
               +-------+-------+-------+-------+-------+----------------------

Table legend:
 A = Kills in this place as a percentage of kills in entire the game.
 B = Kills by you in this place as a percentage of kills by you in the entire game.
 C = Kills by friends in this place as a percentage of kills by friends in the entire game.
 D = Other kills in this place as a percentage of other kills in the entire game.
 E = Experience gained in this place as a percentage of experience gained in the entire game.
 F = Experience gained in this place divided by the number of levels of this place that you have seen.
                   A       B       C       D       E      F
               +-------+-------+-------+-------+-------+----------------------
         Total | 100.0 | 100.0 |  -nan |  -nan | 100.0 | 357.1
       Dungeon |  87.0 |  87.0 |  -nan |  -nan |  97.5 | 398.1
         Sewer |  13.0 |  13.0 |  -nan |  -nan |   2.5 |  70.0
               +-------+-------+-------+-------+-------+----------------------

Vanquished Creatures
  Sigmund (D:3)
  Menkaure (D:4)
  Edmund (D:4)
  An ice beast (D:5)
  A phantom (D:6)
  An orc warrior (D:6)
  3 giant frogs (D:6)
  2 scorpions
  A crimson imp (D:6)
  3 giant frog zombies
  A centaur zombie (D:5)
  4 orc priests
  3 centaur skeletons
  A hound (D:7)
  7 orc wizards
  An iguana (D:6)
  5 worker ants
  2 hound skeletons
  2 worker ant zombies
  14 adders
  3 river rats (D:3)
  2 worms
  3 giant geckos
  18 orcs
  6 giant cockroaches
  7 hobgoblins
  9 kobolds
  6 quokkas
  6 ball pythons
  4 bats (D:2)
  A giant cockroach zombie (D:6)
  A giant gecko skeleton (D:4)
  7 giant newts
  3 goblins (D:1)
  15 jackals
  8 rats
154 creatures vanquished.

Notes
Turn   | Place    | Note
--------------------------------------------------------------
     0 | D:1      | jw the Octopode Berserker began the quest for the Orb.
     0 | D:1      | Reached XP level 1. HP: 16/16 MP: 1/1
   247 | D:1      | Reached XP level 2. HP: 21/21 MP: 2/2
   291 | D:1      | Reached skill level 1 in Stealth
   530 | D:1      | Found a sparkling altar of Nemelex Xobeh.
   744 | D:2      | Reached XP level 3. HP: 26/26 MP: 3/3
   978 | D:2      | Reached skill level 1 in Shields
   978 | D:2      | Reached XP level 4. HP: 26/31 MP: 4/4
  1146 | D:2      | Reached ** piety under Trog
  1478 | D:2      | Reached skill level 1 in Throwing
  1890 | D:2      | Gained mutation: You are agile. (Dex +2) [potion of mutation]
  1890 | D:2      | Gained mutation: You are frail (-10% HP). [potion of mutation]
  1890 | D:2      | Gained mutation: You are resistant to hostile enchantments. [potion of mutation]
  1930 | D:3      | Noticed Sigmund
  1939 | D:3      | Killed Sigmund
  1939 | D:3      | Reached skill level 4 in Short Blades
  1939 | D:3      | Reached XP level 5. HP: 25/33 MP: 5/5
  1939 | D:3      | Reached XP level 6. HP: 29/38 MP: 6/6
  2210 | D:3      | Found a glowing drain.
  2242 | Sewer    | Entered a sewer
  2582 | Sewer    | Reached *** piety under Trog
  2997 | D:4      | Noticed Edmund
  3189 | D:4      | Killed Edmund
  3189 | D:4      | Reached skill level 5 in Stealth
  3189 | D:4      | Reached XP level 7. HP: 43/43 MP: 7/7
  3316 | D:4      | Noticed Menkaure
  3585 | D:4      | Killed Menkaure
  3585 | D:4      | Reached skill level 5 in Short Blades
  3832 | D:4      | Found Oppek's Food Emporium.
  3986 | D:4      | Reached skill level 6 in Stealth
  4159 | D:4      | Found a shimmering altar of Xom.
  4198 | D:4      | Reached XP level 8. HP: 48/48 MP: 8/8
  4734 | D:5      | Entered Level 5 of the Dungeon
  5136 | D:5      | Found a staircase to the Ecumenical Temple.
  5186 | D:5      | Found a sparkling altar of Nemelex Xobeh.
  5241 | D:5      | Reached skill level 7 in Stealth
  6651 | D:6      | Reached skill level 5 in Dodging
  6651 | D:6      | Reached skill level 8 in Stealth
  6663 | D:6      | Reached XP level 9. HP: 50/54 MP: 7/9
  7077 | D:6      | Reached **** piety under Trog
  7376 | D:7      | Noticed gw's ghost (novice DDFi)
  7421 | D:7      | HP: 1/54 [orc priest/hand axe (5)]
  7422 | D:7      | Mangled by gw's ghost

Action                   |  1- 3 |  4- 6 |  7- 9 || total
-------------------------+-------+-------+-------++-------
Melee: Short sword       |    50 |   116 |    94 ||   260
       Rapier            |       |       |    88 ||    88
Throw: Stone             |    27 |    83 |    40 ||   150
       Tomahawk          |       |       |    33 ||    33
       Javelin           |       |       |    14 ||    14
Invok: Berserk           |       |     3 |     4 ||     7
       Trog's Hand       |       |     1 |     4 ||     5
Evoke: Wand              |     4 |       |    12 ||    16
  Use: Scroll            |     4 |     2 |     5 ||    11
       Potion            |     1 |     6 |     3 ||    10
 Stab: Sleeping          |     1 |     9 |    10 ||    20
  Eat: Chunk             |       |     9 |    14 ||    23
       Bread ration      |       |       |     1 ||     1

Vault maps used:
D:1:      dpeg_arrival_renting, nemelex_diamond_rough_becter
D:3:      portal_sewer_entry_b, uniq_natasha, uniq_iyjb, uniq_sigmund
D:4:      overflow_temple_1_default, first_bread, enter_ossuary_5, serial_shops,
          kennysheep_little_box, uniq_edmund, uniq_menkaure
D:5:      nemelex_xobeh_ov_fountains_minmay, minmay_temple_entry_trees
Sewer:    sewer_co_scattered_pipes
